 Dungeon Crawl Stone Soup version 0.25-a0-576-g50b708a4c4 (console) character file.

Game seed: 4850831485352116857, levelgen mode: deterministic

92192 utis the Markstengu (level 16, -2/103 HPs)
             Began as a Tengu Arcane Marksman on Mar 1, 2020.
             Shot with a bolt by a yaktaur captain (40 damage)
             ... on level 15 of the Dungeon.
             The game lasted 02:21:04 (49566 turns).

utis the Markstengu (Tengu Arcane Marksman)        Turns: 49566, Time: 02:21:04

Health: -2/103     AC:  7    Str: 11    XL:     16   Next: 5%
Magic:  20/24      EV: 26    Int: 21    God:
Gold:   2296       SH:  0    Dex: 14    Spells: 11/25 levels left

rFire    x . .     SeeInvis .   b - +2 shortbow (flame)
rCold    + + .     Gourm    .   (shield currently unavailable)
rNeg     . . .     Faith    .   U - +2 robe {MR+}
rPois    .         Spirit   .   (helmet restricted)
rElec    .         Reflect  .   R - +0 cloak
rCorr    .         Harm     .   z - +1 pair of gloves of Okawaru's Esteem {rC+}
MR       ++...                  (boots unavailable)
Stlth    ++++......             g - amulet of regeneration {@e1}
HPRegen  0.67/turn              Y - +3 ring of slaying
MPRegen  0.19/turn              c - ring of ice

@: lethally poisoned (-2 -> -3), flying quickly and evasively, quick
A: beak, talons 3, able to fly
a: Stop Flying


You were on level 15 of the Dungeon.
You were not hungry.

You visited 4 branches of the dungeon, and saw 24 of its levels.
You also visited: Ice Cave.

You collected 2468 gold pieces.
You spent 172 gold pieces at shops.

Inventory:

Hand Weapons
 a - a +4 whip of draining
 b - a +2 shortbow of flaming (weapon)
 o - a +0 longbow
 N - the +2 hand axe of Irrepressible Laughter {vorpal, Str+2 Int+2}
   (You found it on level 8 of the Dungeon)

   It inflicts extra damage upon your enemies.
   It affects your strength (+2).
   It affects your intelligence (+2).
Missiles
 d - 201 arrows (quivered)
 k - 613 stones
 m - 6 curare-tipped darts {=f}
Armour
 w - the +4 scale mail of Watchfulness {rPois Regen+}
   (You found it on level 12 of the Dungeon)

   It protects you from poison.
   It increases your rate of regeneration.
   If you switch to wearing this armour, your AC will increase by 6 (7 -> 13).
 z - the +1 pair of gloves of Okawaru's Esteem (worn) {rC+}
   (You found it on level 5 of the Lair of Beasts)

   It protects you from cold.
   If you remove this armour, your AC will decrease by 2 (7 -> 5).
 A - a +1 pair of gloves
 R - a +0 cloak (worn)
 U - a +2 robe of magic resistance (worn)
Jewellery
 c - a ring of ice (right hand)
 e - the ring of Propriety {rC++ Stlth-}
   (You took it off a centaur warrior on level 13 of the Dungeon)

   [ring of attention]

   It greatly protects you from cold.
   It makes you less stealthy.
 g - an amulet of regeneration (around neck) {@e1}
 q - an uncursed ring of resist corrosion
 C - an uncursed ring of ice
 F - an uncursed ring of fire
 K - a +4 ring of intelligence {unknown}
 P - a +1 ring of protection {unknown}
 X - a +3 ring of dexterity
 Y - a +3 ring of slaying (left hand)
Wands
 v - a wand of disintegration (18) {@e1}
 y - a wand of polymorph (41)
 D - a wand of flame (86)
 E - a wand of random effects (53)
 G - a wand of iceblast (18)
 J - a wand of paralysis (3)
 L - a wand of scattershot (2)
 S - a wand of digging (6)
Scrolls
 j - 5 scrolls of teleportation {@r4}
 l - 5 scrolls of amnesia
 p - 2 scrolls of enchant weapon
 s - 4 scrolls of fog
 B - 7 scrolls of remove curse {@r2}
 H - 2 scrolls of magic mapping
 I - 2 scrolls of blinking
 W - 2 scrolls of enchant armour
 Z - a scroll of fear
Potions
 h - 3 potions of stabbing
 i - 12 potions of curing {@q1}
 n - a potion of brilliance
 r - a potion of cancellation
 t - 5 potions of haste {@q3}
 u - 4 potions of might
 x - a potion of berserk rage {!q}
 O - 4 potions of mutation {!q}
 T - a potion of lignification
 V - 3 potions of resistance
Comestibles
 f - 34 rations {@e1}
 M - 9 chunks of flesh


   Skills:
 - Level 12.6 Fighting
   Level 2.1 Short Blades
 - Level 3.0 Maces & Flails
 - Level 15.1 Bows
 - Level 14.0 Dodging
 + Level 8.2 Stealth
 - Level 5.0 Spellcasting
 + Level 10.4 Hexes
 - Level 2.0 Earth Magic


You had 11 spell levels left.
You knew the following spells:

 Your Spells              Type           Power        Failure   Level  Hunger
a - Slow                  Hex            #####...     1%          2    None
o - Portal Projectile     Hex/Tloc       ####..       3%          3    ##.....
q - Leda's Liquefaction   Hex/Erth       ####......   9%          4    ####...
w - Corona                Hex            #####..      1%          1    None
x - Cause Fear            Hex            #####.....   1%          4    ####...

Your spell library contained the following spells:

 Spells                   Type           Power        Failure   Level  Hunger
 Ensorcelled Hibernation  Hex/Ice        #####.       1%          2    None
 Inner Flame              Hex/Fire       ####....     3%          3    ##.....
 Summon Guardian Golem    Hex/Summ       ####....     3%          3    ##.....
 Sandblast                Erth           ##....       4%          1    None
 Infusion                 Chrm           #...         11%         1    None
 Summon Small Mammal      Summ           #...         11%         1    None
 Call Imp                 Summ           #.......     16%         2    None
 Corpse Rot               Necr/Air       N/A          16%         2    None
 Poisonous Vapours        Pois/Air       #.....       16%         2    None
 Shroud of Golubria       Chrm/Tloc      #.....       16%         2    None
 Song of Slaying          Chrm           #.......     16%         2    None
 Sublimation of Blood     Necr           #.........   16%         2    None
 Darkness                 Hex            #####.....   22%         6    #######
 Call Canine Familiar     Summ           #.......     32%         3    ##.....
 Silence                  Hex/Air        ####......   34%         5    #####..
 Summon Ice Beast         Ice/Summ       #.......     71%         4    ####...
 Summon Lightning Spire   Summ/Air       #.......     71%         4    ####...
 Lee's Rapid Deconstruct  Erth           ##........   78%         5    #####..
 Borgnjor's Vile Clutch   Necr/Erth      #.........   89%         5    #####..
 Bolt of Magma            Conj/Fire/Erth #.........   92%         5    #####..
 Iron Shot                Conj/Erth      #.........   100%        6    #######
 Shadow Creatures         Summ           N/A          100%        6    #######


Dungeon Overview and Level Annotations

Branches:
Dungeon (15/15)            Temple (1/1) D:7            Lair (6/6) D:9
  Swamp (0/4) Lair:2       Spider (0/4) Lair:4        Slime (0/5) Lair:5
    Orc (2/2) D:9             Elf (0/3) Orc:2        Vaults (0/5) D:14
 Depths (0/5) D:15          IceCv (visited)

Altars:
Ashenzari
Elyvilon
Hepliaklqana
Kikubaaqudgha
Nemelex Xobeh
Qazlal
Sif Muna
Trog
Uskayaw
Wu Jian
Xom
Yredelemnul
Beogh
Jiyva

Shops:
D:7 *   D:13 ?   Orc:2 *}(}

Portals:
Abyss: D:13

Annotations:
D:13 2 transporters, Qaeqe's ghost, journeyman TrMo
Lair:1 exclusion: 2 oklob plants


Innate Abilities, Weirdness & Mutations

You have a beak for a mouth.
You have claws for feet.
You can fly continuously.


Message History

Press: ? - help, Shift-Dir - straight line, f/p - yaktaur captain
Aim: a yaktaur captain, wielding a +0 arbalest and quivering 17 bolts (severely wounded, slow)
You shoot an arrow.
The arrow hits the yaktaur captain but does no damage.
The yaktaur captain is severely wounded.
Firing (i - inventory. (/) - cycle)
d - 203 arrows (quivered)
Press: ? - help, Shift-Dir - straight line, f/p - yaktaur captain
Aim: a yaktaur captain, wielding a +0 arbalest and quivering 17 bolts (severely wounded, slow)
You shoot an arrow.
The arrow barely misses the yaktaur captain.
The arrow hits the brown ugly thing but does no damage.
You feel sick.
Firing (i - inventory. (/) - cycle)
d - 202 arrows (quivered)
Press: ? - help, Shift-Dir - straight line, f/p - yaktaur captain
Aim: a yaktaur captain, wielding a +0 arbalest and quivering 17 bolts (severely wounded, slow)
You shoot an arrow. The arrow hits the yaktaur captain.
The arrow burns the yaktaur captain.
The yaktaur captain is severely wounded.
The yaktaur captain shoots a bolt.
The bolt hits you!!!
You die...

...........u.░ *≈,,*,,≈* ░.░
......c...➘..░ *,*,*,*,* *,*
...u.........░░░░░▒,≈,≈,≈,***,*
.....€.......u..➘.▒,≈,,,≈,*...░
....░░░░░░░░░░░░➘░▒,≈,,,≈,*░..░
░░..░ ░u░*,**+**,*░..░ ░..░
░c░*,*,,,*,*░..░ ░..░
░➘░*,*,>,*,*░..░ ░..░
░Q░*,+,,,+,*░..░ ░..░
░.░▒▒▒▒▒▒▒▒▒░..░
░░..░░░░░░░░░░░░..............░
.......<........➘.............░
░░░░░░░░░░░░░░░░░░░░░░░░░░░░░░░


You could see a yaktaur captain and a brown ugly thing.

Vanquished Creatures
  Kirke (D:14)
  Snorg (D:12)
  Josephine (Orc:2)
  A fire dragon (Lair:6)
  8 vault guards (D:14)
  10 hydras
  2 centaur warriors
  2 two-headed ogres
  3 tengu warriors
  4 orc high priests (Orc:2)
  3 death yaks
  A flayed ghost (D:8)
  2 unseen horrors (D:13)
  7 orc knights
  A lindwurm (Lair:6)
  A wolf spider zombie (D:13)
  An orb spider (Lair:4)
  2 deep elf magi
  5 orc sorcerers (Orc:2)
  14 ugly things
  2 manticores
  2 cyclopes (D:13)
  A centaur zombie (D:13)
  Maurice (Orc:1)
  8 elephants
  Joseph (D:8)
  2 molten gargoyles (Lair:6)
  8 black mambas
  3 centaur skeletons
  A gargoyle (D:13)
  4 ice statues
  7 spiny frogs
  2 rime drakes (Lair:4)
  13 komodo dragons
  An efreet (D:13)
  A redback zombie (D:15)
  An ice devil (Lair:4)
  2 kobold demonologists
  9 trolls
  A meliai (shapeshifter) (D:15)
  3 polar bears
  A bog body (Lair:2)
  8 blink frogs (Lair:4)
  A hornet (D:12)
  5 slime creatures (D:15)
  6 dream sheep (Lair:5)
  10 hippogriffs
  Sigmund (D:5)
  A shadow (D:14)
  A vampire (D:10)
  10 wraiths
  A spriggan (shapeshifter) (D:15)
  34 yaks
  8 wyverns
  A basilisk (Lair:5)
  2 fire bats (D:8)
  A golden eye (shapeshifter) (D:14)
  A hog (D:14)
  2 hungry ghosts
  Menkaure (D:6)
  2 steam dragons (Lair:6)
  2 wargs
  15 water moccasins
  3 soldier ants
  4 hell hounds (Lair:6)
  9 porcupines
  A hornet zombie (D:14)
  A phantom (D:4)
  29 orc warriors
  2 eyes of draining
  17 ice beasts
  7 sky beasts
  17 ogres
  6 wolves
  8 centaurs
  13 crocodiles
  14 bullfrogs
  8 big kobolds
  5 gnoll sergeants (D:9)
  3 scorpions
  2 vampire bats (Orc:2)
  12 killer bees
  7 wights
  A howler monkey (D:10)
  5 lava snakes (Lair:6)
  A bullfrog zombie (D:10)
  5 crimson imps
  A quasit (D:6)
  3 jellies
  2 bullfrog skeletons
  22 orc priests
  5 hounds
  3 iguanas
  25 orc wizards
  Natasha (thrice) (D:4)
  10 hell rats
  8 worker ants
  A killer bee zombie (D:6)
  A hound zombie (D:5)
  A hound skeleton (D:7)
  A worker ant zombie (D:6)
  8 gnolls
  24 adders
  2 river rats (D:9)
  2 shadow imps
  An ooze (D:1)
  An adder zombie (D:7)
  6 worms
  A dart slug (D:1)
  5 leopard geckos
  69 orcs
  A giant cockroach (D:1)
  9 goblins
  9 hobgoblins
  11 jackals
  32 kobolds
  4 quokkas
  20 bats
  9 frilled lizards
  2 leopard gecko skeletons
  A leopard gecko zombie (D:8)
  A quokka zombie (D:8)
  8 rats
749 creatures vanquished.

Vanquished Creatures (others)
  An unseen horror (D:15)
  4 humans (D:14)
  A hound (D:14)
  13 fungi
  4 plants
23 creatures vanquished.

Grand Total: 772 creatures vanquished

Notes
Turn   | Place    | Note
-------+----------+-------------------------------------------
     0 | D:1      | utis the Tengu Arcane Marksman began the quest for the Orb.
     0 | D:1      | Reached XP level 1. HP: 12/12 MP: 3/3
   248 | D:1      | Reached XP level 2. HP: 15/16 MP: 4/4
   254 | D:1      | Learned a level 2 spell: Slow
   839 | D:1      | Reached skill level 3 in Bows
   969 | D:1      | Found a sparkling altar of Nemelex Xobeh.
  1066 | D:1      | Reached XP level 3. HP: 20/20 MP: 3/5
  2504 | D:2      | Found a shattered altar of Ashenzari.
  2542 | D:2      | Reached XP level 4. HP: 25/25 MP: 4/6
  2884 | D:2      | Found a faded altar of an unknown god.
  3955 | D:3      | Found a shimmering blue altar of Sif Muna.
  3956 | D:3      | Found a hazy altar of Hepliaklqana.
  4083 | D:3      | Gained mutation: You can fly continuously. [Tengu growth]
  4083 | D:3      | Reached XP level 5. HP: 26/29 MP: 4/7
  4396 | D:3      | Found a white marble altar of Elyvilon.
  4526 | D:3      | Reached skill level 1 in Short Blades
  4845 | D:4      | Noticed an ogre
  4861 | D:4      | Killed an ogre
  4861 | D:4      | Reached skill level 5 in Dodging
  4861 | D:4      | Reached XP level 6. HP: 5/36 MP: 3/8
  5152 | D:4      | Noticed a phantom
  5463 | D:4      | Killed a phantom
  5786 | D:4      | Reached XP level 7. HP: 30/42 MP: 4/9
  5880 | D:4      | Noticed Natasha
  5903 | D:4      | Killed Natasha
  6295 | D:4      | Noticed Natasha
  6312 | D:4      | Killed Natasha
  6410 | D:4      | Noticed Natasha
  6420 | D:4      | Killed Natasha
  6420 | D:4      | Reached skill level 1 in Stealth
  6626 | D:5      | Entered Level 5 of the Dungeon
  6672 | D:5      | Noticed Sigmund
  6692 | D:5      | Killed Sigmund
  6778 | D:5      | Reached XP level 8. HP: 28/48 MP: 7/10
  6909 | D:5      | Learned a level 4 spell: Cause Fear
  7093 | D:5      | You are sucked into a shaft and drop 2 floors!
  7146 | D:7      | Found a staircase to the Ecumenical Temple.
  7315 | D:7      | Found Maizy's Assorted Antiques.
  7401 | D:7      | Noticed a yak
  8064 | D:3      | gah
  8853 | D:6      | Noticed Menkaure
  8865 | D:6      | Killed Menkaure
  8895 | D:6      | Found a stormy altar of Qazlal.
  9500 | D:7      | Reached skill level 4 in Bows
  9797 | D:7      | Reached skill level 5 in Hexes
  9828 | D:7      | Reached XP level 9. HP: 31/53 MP: 8/11
 10012 | D:7      | Reached skill level 5 in Fighting
 10481 | D:7      | Reached skill level 5 in Bows
 11274 | D:7      | Reached skill level 6 in Bows
 11518 | D:8      | Found a shimmering altar of Xom.
 12036 | D:8      | Noticed Joseph
 12060 | D:8      | Killed Joseph
 12060 | D:8      | Reached XP level 10. HP: 54/61 MP: 12/12
 12186 | D:8      | yay
 12225 | D:8      | Found an ornate altar of the Wu Jian Council.
 12288 | D:8      | Reached skill level 7 in Bows
 12431 | D:8      | Found a shattered altar of Ashenzari.
 12440 | D:8      | Found a runed translucent door.
 12441 | D:8      | Found a bloodstained altar of Trog.
 12451 | D:8      | Found a basalt altar of Yredelemnul.
 12476 | D:8      | Noticed a flayed ghost
 12489 | D:8      | Found an ancient bone altar of Kikubaaqudgha.
 12492 | D:8      | Found a hide-covered altar of Uskayaw.
 13207 | D:8      | oops
 13218 | D:8      | Killed a flayed ghost
 13218 | D:8      | Reached skill level 8 in Bows
 13225 | D:8      | Got an ichor-stained hand axe
 13226 | D:8      | Identified the +2 hand axe of Irrepressible Laughter
                  | {vorpal, Str+2 Int+2} (You found it on level 8 of the
                  | Dungeon)
 13478 | D:9      | Reached skill level 1 in Maces & Flails
 14280 | D:9      | Found a staircase to the Lair.
 14280 | D:9      | Noticed a death yak
 14280 | D:9      | Noticed a death yak
 14302 | D:8      | Killed a death yak
 14613 | D:9      | Noticed a death yak
 15280 | Temple   | Entered the Ecumenical Temple
 15546 | D:7      | Killed a death yak
 15546 | D:7      | Reached XP level 11. HP: 35/68 MP: 13/13
 16347 | D:8      | Killed a death yak
 16945 | D:9      | Learned a level 4 spell: Leda's Liquefaction
 17421 | D:9      | Found an ornate altar of the Wu Jian Council.
 17642 | D:9      | Found a staircase to the Orcish Mines.
 18913 | D:10     | Entered Level 10 of the Dungeon
 18921 | D:10     | Noticed a two-headed ogre
 18924 | D:9      | Reached skill level 10 in Dodging
 20169 | D:10     | Killed a two-headed ogre
 20173 | D:10     | Reached skill level 1 in Earth Magic
 21097 | D:11     | Noticed a two-headed ogre
 21107 | D:11     | Killed a two-headed ogre
 21592 | D:11     | Reached skill level 5 in Stealth
 21592 | D:11     | Reached XP level 12. HP: 67/75 MP: 10/16
 23340 | Lair:1   | Entered Level 1 of the Lair of Beasts
 23348 | D:9      | Reached skill level 9 in Bows
 23553 | Lair:1   | Found a frozen archway.
 23604 | IceCv    | Entered an ice cave
 23944 | IceCv    | HP: 2/75 [white ugly thing (35)]
 26365 | IceCv    | Learned a level 3 spell: Portal Projectile
 26860 | IceCv    | Identified Ylyxtor's Handbook of Ashen Good Luck
 26979 | Lair:1   | Noticed a five-headed hydra
 26996 | Lair:1   | Killed a five-headed hydra
 26996 | Lair:1   | Reached skill level 10 in Bows
 27155 | Lair:1   | Noticed a four-headed hydra
 27246 | Lair:1   | Killed a four-headed hydra
 28340 | Lair:2   | Noticed an eight-headed hydra
 28363 | Lair:2   | Killed an eight-headed hydra
 28647 | Lair:2   | Reached skill level 11 in Bows
 28903 | Lair:2   | schnarch
 29315 | Lair:2   | Reached XP level 13. HP: 82/82 MP: 14/18
 29546 | Lair:2   | Found a staircase to the Swamp.
 29820 | Lair:2   | Reached skill level 10 in Fighting
 30173 | Lair:3   | Identified A Primer on Spellweaving
 31156 | Lair:4   | HP: 1/82 [blink frog (16)]
 31218 | Lair:4   | Reached skill level 12 in Bows
 32660 | Lair:4   | Found a hole to the Spider Nest.
 35382 | Lair:5   | Found a staircase to the Slime Pits.
 35382 | Lair:5   | Found a viscous altar of Jiyva.
 35539 | Lair:5   | Got a pair of slimy gloves
 35551 | Lair:5   | Identified the +1 pair of gloves of Okawaru's Esteem {rC+}
                  | (You found it on level 5 of the Lair of Beasts)
 35936 | Lair:6   | Entered Level 6 of the Lair of Beasts
 35956 | Lair:6   | Reached XP level 14. HP: 88/88 MP: 15/19
 36122 | Lair:6   | Reached skill level 10 in Hexes
 36262 | Lair:6   | Found a large runed translucent door.
 36262 | Lair:6   | Found a large runed translucent door.
 36530 | Lair:6   | Reached skill level 5 in Spellcasting
 37605 | Lair:6   | Got an iridescent spear
 37606 | Lair:6   | Identified the cursed +0 spear "Miakkagh" {flame, rC+ rN+
                  | Dex+4} (You found it on level 6 of the Lair of Beasts)
 38477 | Lair:6   | Got a bronze chain mail
 38632 | Orc:1    | Entered Level 1 of the Orcish Mines
 38837 | Orc:2    | Entered Level 2 of the Orcish Mines
 38837 | Orc:2    | Found a roughly hewn altar of Beogh.
 38837 | Orc:2    | Noticed Maurice
 38850 | Orc:1    | Killed Maurice
 39392 | Orc:2    | Reached skill level 13 in Bows
 39638 | Orc:2    | Noticed Josephine
 39652 | Orc:2    | Killed Josephine
 41432 | Orc:2    | Found a staircase to the Elven Halls.
 42053 | Orc:2    | Reached XP level 15. HP: 96/96 MP: 17/23
 42432 | Orc:2    | Found Isoafy's General Store.
 42498 | Orc:2    | Found Ufroqurom's Antique Weapon Emporium.
 42501 | Orc:2    | Bought a potion of haste for 130 gold pieces
 42503 | Orc:2    | Found Xotilabi's Gadget Emporium.
 42505 | Orc:2    | Found Voasag's Gadget Shop.
 42723 | D:12     | Noticed Snorg
 42736 | D:12     | Killed Snorg
 43311 | D:12     | Reached skill level 14 in Bows
 43499 | D:12     | Identified the cursed +0 chain mail of Death's Door {MR+
                  | Dex+4 SInv Stlth+} (You found it on level 6 of the Lair of
                  | Beasts)
 43502 | D:12     | Got a smoking scale mail
 44983 | D:13     | Identified the ring of Propriety {rC++ Stlth-}
 45248 | D:13     | Found Duketir's Magic Scroll Shop.
 45251 | D:13     | Bought a scroll of magic mapping for 42 gold pieces
 45398 | D:13     | ooops
 45877 | D:13     | Found a transporter.
 45902 | D:13     | Found a transporter.
 45966 | D:13     | Found a one-way gate to the infinite horrors of the Abyss.
 45966 | D:13     | Noticed Qaeqe's ghost (journeyman TrMo)
 45976 | D:13     | Identified the +10 battleaxe of Qazlal's Whim {distort,
                  | Fragile rPois MR+ Int+7}
 46165 | D:13     | Identified the +4 scale mail of Watchfulness {rPois Regen+}
                  | (You found it on level 12 of the Dungeon)
 46748 | D:14     | You are sucked into a shaft and drop 1 floor!
 46748 | D:15     | Entered Level 15 of the Dungeon
 47078 | D:14     | Noticed Kirke
 47111 | D:14     | Killed Kirke
 47431 | D:14     | Reached skill level 15 in Bows
 47786 | D:14     | Found a gate to the Vaults.
 49387 | D:15     | Reached XP level 16. HP: 65/103 MP: 24/24
 49566 | D:15     | Shot with a bolt by a yaktaur captain

Levels and vault maps discovered:
D:1:      dpeg_arrival_court, layout_basic, nemelex_xobeh_ov_fountains_minmay
D:2:      layout_loops_ring, ashenzari_conservatory_becter,
          chequers_ecumenical_altar_island, minmay_goblin_kobold_house
D:3:      minmay_wonky_spiral, layout_rooms, elyvilon_altar_5,
          chequers_temple_overflow_statue_of_worship, kennysheep_generic_room_12
D:4:      layout_cave_pools, first_ration, uniq_natasha
D:5:      layout_cave_pools, uniq_sigmund
D:6:      layout_rooms, nicolae_qazlal_general_emergency, uniq_menkaure,
          uniq_crazy_yiuf_cottage
D:7:      layout_loops_ring, minmay_temple_entry_mini_moons, serial_shops, shop,
          st_stairs_10, grunt_ogre_cave, grunt_ministairs_8
D:8:      due_megacathedral, layout_basic, old_standard_altar, uniq_joseph
D:9:      layout_cave_pools, kennysheep_little_box, dpeg_lair_monsters,
          kennysheep_orc_monster_closet_entryway, minivault_10
D:10:     layout_cave_pools
D:11:     layout_roguey, grunt_ministairs_11
D:12:     layout_cave_pods, uniq_snorg
D:13:     minmay_ornate_pinched, layout_irregular_city, serial_shops, shop,
          gammafunk_ghost_abyssal_escape
D:14:     layout_long_grid, erik_vaults_2, uniq_kirke
D:15:     grunt_enter_depths_snipers, layout_long_grid,
          hangedman_abyss_or_decor_lesser_grid, chequers_serial_rivers_marsh
Temple:   regret_index_temple_generic_petals
Lair:1:   layout_roguey, portal_ice_cave_entry_pillars_1,
          minmay_lair_oklob_chamber
Lair:2:   layout_regular_city, skrybe_swamp_entry_bodies,
          chequers_serial_rivers_small_3, chequers_serial_rivers_small_b,
          grunt_megastairs_1
Lair:3:   layout_regular_city
Lair:4:   layout_layer_cave, nicolae_spider_entry_orb_guardian,
          gauntlet_entry_generic, ice2_lemuel
Lair:5:   beast_lair_carwin_large_1, layout_regular_city, slime_altar_1
Lair:6:   cheibrodos_lair_end_hotspot, layout_regular_city
Orc:1:    layout_diamond_mine
Orc:2:    st_orc_elflike, layout_diamond_mine, basic_altar, roderic_batcave,
          uniq_josephine, uniq_maurice

Skill      XL: |  1  2  3  4  5  6  7  8  9 10 11 12 13 14 15 |
---------------+----------------------------------------------+-----
Bows           | 3 4 6 8 11 12 13 15 | 15.1
Dodging        | 3 4 5 6 8 9 10 11 13 14 | 14.0
Fighting       | 2 3 4 6 7 8 9 10 11 12 | 12.6
Short Blades   | 1 2 |  2.1
Stealth        | 3 5 7 8 |  8.2
Hexes          | 3 5 6 7 8 9 10 | 10.4
Maces & Flails | 2 3 |  3.0
Earth Magic    | 2 |  2.0
Spellcasting   | 2 3 5 |  5.0

Action                   |  1- 3 |  4- 6 |  7- 9 | 10-12 | 13-15 | 16-18 || total
-------------------------+-------+-------+-------+-------+-------+-------++-------
Melee: Short sword       |    54 |       |       |       |       |       ||    54
       Kick              |    20 |    31 |    72 |   239 |   208 |       ||   570
       Peck              |    12 |    28 |    48 |   162 |   111 |       ||   361
       Mace              |    31 |    15 |     7 |       |       |       ||    53
       Dagger            |       |   121 |   309 |    49 |       |       ||   479
       Whip              |       |       |       |   759 |   671 |       ||  1430
       Shortbow          |       |       |       |     1 |       |       ||     1
 Fire: Shortbow          |    11 |    50 |   136 |   562 |  1825 |    56 ||  2640
       Hunting sling     |       |       |       |   124 |    56 |       ||   180
Throw: Stone             |     4 |     3 |     3 |       |    26 |       ||    36
 Cast: Corona            |    29 |    27 |    26 |    33 |    23 |       ||   138
       Slow              |       |    13 |    54 |   123 |   270 |     6 ||   466
       Leda's Liquefacti |       |       |       |     5 |     1 |       ||     6
       Portal Projectile |       |       |       |     2 |     7 |       ||     9
 Abil: Fly               |       |     1 |       |       |       |       ||     1
Evoke: Wand              |       |       |       |     2 |     2 |       ||     4
  Use: Scroll            |       |     7 |     7 |    11 |    20 |       ||    45
       Potion            |       |       |     2 |     6 |     3 |       ||    11
 Stab: Sleeping          |     1 |     2 |     4 |     3 |     2 |       ||    12
       Distracted        |       |       |       |     1 |       |       ||     1
       Invisible         |       |       |       |       |     1 |       ||     1
       Paralysed         |       |       |       |       |     7 |       ||     7
  Eat: Chunk             |     6 |     7 |    19 |    36 |    46 |       ||   114
       Ration            |       |     2 |     1 |     8 |     5 |       ||    16
Armor: Robe              |    14 |    10 |    29 |    75 |    53 |     2 ||   183
Dodge: Dodged            |    50 |    93 |   252 |   940 |  1048 |    17 ||  2400

Table legend:
 A = Non-vault XP
 B = Vault XP
 C = Vault XP percentage of total XP
 D = Non-vault monster count
 E = Vault monster count
 F = Vault count percentage of total count
                 A         B        C        D         E       F
            +---------+---------+-------+---------+---------+-------
      Total |   81160 |   50544 |  38.4 |     564 |     186 |  24.8
            +---------+---------+-------+---------+---------+-------
        D:1 |      49 |       0 |   0.0 |      27 |       0 |   0.0
        D:2 |      68 |       9 |  11.7 |      21 |       6 |  22.2
        D:3 |     103 |      12 |  10.4 |      24 |       6 |  20.0
        D:4 |     618 |      39 |   5.9 |      13 |       1 |   7.1
        D:5 |     312 |     220 |  41.4 |      11 |       1 |   8.3
        D:6 |     172 |     175 |  50.4 |       6 |       1 |  14.3
        D:7 |    1780 |    1113 |  38.5 |      36 |       3 |   7.7
        D:8 |    1112 |    4088 |  78.6 |      24 |      12 |  33.3
        D:9 |    2247 |    1634 |  42.1 |      39 |      25 |  39.1
       D:10 |    3030 |       0 |   0.0 |      27 |       0 |   0.0
       D:11 |    3057 |     198 |   6.1 |      27 |       5 |  15.6
       D:12 |    4599 |    1106 |  19.4 |      29 |       1 |   3.3
       D:13 |    8661 |    3575 |  29.2 |      35 |      12 |  25.5
       D:14 |    4025 |    9797 |  70.9 |      17 |      10 |  37.0
       D:15 |   10158 |       0 |   0.0 |      35 |       0 |   0.0
     Lair:1 |    5697 |       0 |   0.0 |      20 |       0 |   0.0
     Lair:2 |    3691 |     515 |  12.2 |      14 |       3 |  17.6
     Lair:3 |    1331 |       0 |   0.0 |       6 |       0 |   0.0
     Lair:4 |    8004 |    3132 |  28.1 |      35 |      14 |  28.6
     Lair:5 |    6653 |    2393 |  26.5 |      28 |       8 |  22.2
     Lair:6 |    8729 |    8694 |  49.9 |      19 |      28 |  59.6
      Orc:1 |    1936 |     480 |  19.9 |      24 |       1 |   4.0
      Orc:2 |    5128 |   10250 |  66.7 |      47 |      38 |  44.7
      IceCv |       0 |    3114 | 100.0 |       0 |      11 | 100.0
            +---------+---------+-------+---------+---------+-------
